 Dungeon Crawl Stone Soup version 0.21.1-1-g345015fe64 (webtiles) character file.

385 PikkenKukken the Skirmisher (level 6, 0/49 HPs)
             Began as a Demonspawn Fighter on June 25, 2018.
             Slain by an orc priest
             ... wielding a +0 whip
              (3 damage)
             ... on level 4 of the Dungeon.
             The game lasted 00:10:49 (3919 turns).

PikkenKukken the Skirmisher (Demonspawn Fighter)    Turns: 3919, Time: 00:10:49

Health: 0/49       AC: 11    Str: 21    XL:     6   Next: 48%
Magic:  6/6        EV:  7    Int: 10    God:
Gold:   114        SH: 11    Dex: 14    Spells: 5/5 levels left

rFire    + . .     SeeInvis +   a - +0 war axe
rCold    . . .     Gourm    .   c - +1 shield
rNeg     . . .     Faith    .   b - +0 scale mail
rPois    .         Spirit   .   o - +0 helmet
rElec    .         Reflect  .   h - +2 cloak
rCorr    .         Harm     .   (no gloves)
MR       .....                  (no boots)
Stlth    +.........             (no amulet)
HPRegen  0.16/turn              j - ring of see invisible
MPRegen  0.10/turn              p - ring of protection from fire

@: mighty, slowed, very slow
A: claws 1, nightstalker 1
a: no special abilities


You were on level 4 of the Dungeon.
You were not hungry.

You visited 1 branch of the dungeon, and saw 4 of its levels.

You collected 114 gold pieces.

Inventory:

Hand Weapons
 a - a +0 war axe (weapon)
Missiles
 g - 61 bolts
 r - 13 tomahawks (quivered)
Armour
 b - a +0 scale mail (worn)
 c - a +1 shield (worn)
 h - a +2 cloak (worn)
 o - a +0 helmet (worn)
Jewellery
 j - a ring of see invisible (left claw)
 p - a ring of protection from fire (right claw)
Wands
 n - a wand of polymorph (7)
Scrolls
 e - 2 scrolls of identify
 m - a scroll of enchant armour
Potions
 i - a potion of haste
 k - a potion of flight
Books
 l - a book of Maledictions

   Spells                             Type                      Level
   a - Corona                         Hexes                        1
   b - Ensorcelled Hibernation        Hexes/Ice                    2
   c - Confuse                        Hexes                        3
   d - Tukima's Dance                 Hexes                        3
   e - Dazzling Spray                 Conjuration/Hexes            3
 q - a book of Cantrips

   Spells                             Type                      Level
   a - Confusing Touch                Hexes                        1
   b - Animate Skeleton               Necromancy                   1
   c - Summon Small Mammal            Summoning                    1
   d - Apportation                    Translocation                1
Comestibles
 f - 7 rations
 s - a chunk of flesh


   Skills:
 + Level 4.4 Fighting
 + Level 3.3 Axes
 + Level 1.4 Throwing
 + Level 3.8 Armour
 + Level 3.9 Shields


You had 5 spell levels left.
You didn't know any spells.

Dungeon Overview and Level Annotations

Branches:
Dungeon (4/15)
 Temple: D:4-7

Altars:

Annotations:
D:4 Grinder


Innate Abilities, Weirdness & Mutations

You have sharp fingernails.
You are slightly more attuned to the shadows.


Message History

Grinder hits you but does no damage. The orc wizard casts a spell at you.
You feel yourself slow down. The orc wizard hits you with a dagger.
Grinder hits you.
You writhe in agony.
The orc wizard hits you but does no damage.
Grinder blinks!
The orc wizard casts a spell at you. The magic dart hits you!
You can move again.
You slash the orc priest!
The orc priest is almost dead.
You completely miss the orc wizard.
The orc wizard gestures at you while chanting.
You resist with some effort. The orc priest hits you with a whip.
The orc priest mumbles some strange prayers to Beogh against you.
Beogh smites you!
* * * LOW HITPOINT WARNING * * *
You block the orc wizard's attack.
Grinder blinks!
The orc priest hits you with a whip.
You die...

,,,,,*,,,,,,,,,,,,#..............
,,,,,*,,,,........#..............
,,,,,*,,,,.....[..#..............
,,,,,*,,,,......>.#..............
,,,,,*,,,,........#..............
,,,,,*,,,,.......)#..............
,,,,,+,,,,.....§on#..............
,,,****,**,,***#o##..###..###...#
,,,****,***+**##@##..###..#*#...#
,,,,,,,,,,,,,,#.o................
,...,,,,,,,,,,#..................
....,,,,,,,,,,#...........,,,,,,.
§...,,,,,,,,,,#...........,,,,,,.
...#*,,,,,,,,,#...........,,,,,,.
...#*,,,**,,,,#...........,,,,,,.
...#**+***,,,,#..........,,,,,,,.
...#,,,,**,,,***,,,,,**,,,***,,,*


You could see a necrophage, 2 orc priests and an orc wizard.

Vanquished Creatures
  A bullfrog zombie (D:3)
  A hound (D:4)
  Crazy Yiuf (D:3)
  2 orc priests
  An orc wizard (D:4)
  Ijyb (D:3)
  2 worker ants
  5 adders
  An ooze (D:1)
  A worm (D:2)
  A dart slug (D:2)
  A leopard gecko (D:2)
  7 orcs
  2 giant cockroaches
  13 goblins
  8 hobgoblins
  10 jackals
  2 ball pythons
  3 bats
  2 frilled lizards
  6 kobolds
  10 rats
81 creatures vanquished.

Notes
Turn   | Place    | Note
-------+----------+-------------------------------------------
     0 | D:1      | PikkenKukken the Demonspawn Fighter began the quest for the Orb.
     0 | D:1      | Reached XP level 1. HP: 18/18 MP: 1/1
    42 | D:1      | Gained mutation: You are slightly more attuned to the shadows. [demonic ancestry]
    42 | D:1      | Reached XP level 2. HP: 17/24 MP: 2/2
   423 | D:1      | Reached XP level 3. HP: 21/29 MP: 3/3
  1473 | D:2      | Reached XP level 4. HP: 34/36 MP: 4/4
  2100 | D:3      | Reached XP level 5. HP: 22/42 MP: 5/5
  2347 | D:3      | Reached skill level 4 in Fighting
  3136 | D:3      | Noticed Ijyb
  3157 | D:3      | Killed Ijyb
  3330 | D:3      | Found a runed door.
  3334 | D:3      | Noticed Crazy Yiuf
  3344 | D:3      | Killed Crazy Yiuf
  3344 | D:3      | Reached skill level 1 in Throwing
  3344 | D:3      | Gained mutation: You have sharp fingernails. [demonic ancestry]
  3344 | D:3      | Reached XP level 6. HP: 45/48 MP: 2/6
  3524 | D:4      | Noticed Grinder
  3638 | D:4      | Paralysed by Grinder for 3 turns
  3915 | D:4      | Paralysed by Grinder for 4 turns
  3919 | D:4      | Slain by an orc priest

Skill      XL: |  1  2  3  4  5 |
---------------+----------------+-----
Axes           | 2 3 |  3.3
Shields        | 3 |  3.9
Armour         | 3 |  3.8
Fighting       | 4 |  4.4
Throwing       | 1 |  1.4

Action                   |  1- 3 |  4- 6 || total
-------------------------+-------+-------++-------
Melee: War axe           |   135 |   149 ||   284
       Unarmed           |       |    16 ||    16
Throw: Tomahawk          |     2 |     9 ||    11
  Use: Scroll            |     5 |     5 ||    10
       Potion            |     3 |     5 ||     8
 Stab: Sleeping          |     1 |       ||     1
       Confused          |       |     4 ||     4
  Eat: Chunk             |     2 |     5 ||     7
       Ration            |       |     1 ||     1
Armor: Scale mail        |    69 |    69 ||   138
       Skin              |       |     2 ||     2
Dodge: Dodged            |    43 |    48 ||    91
Block: Shield            |    68 |   112 ||   180
